AoeStats
← schwellle

Arabia

508925088Analyzed
2v2 RM · 8d ago on Sep 24, 2026· 30m 50s· 4 players
Game mode
Random Map
Map size
Medium (4 player)
Population
200
Speed
Normal
Resources
Standard
Victory
Conquest
Starting age
Dark Age
Ending age
Imperial Age
RankedLock teamsTeams togetherTeam positionsShared explorationLock speedFull tech treeHidden civsTurbo modeCheats
Victory
Defeat
🇩🇪 Saxons · Germany
1023
+13
🇩🇪 Varangians · Germany
997
+13
🇨🇳 Franks · China
948
-39
🇨🇳 Spanish · China
948
-39
schwellle
10:07 Feudal Age
10:48 Double-Bit Axe
15:42 Gold Mining
17:09 Loom
20:21 Castle Age
18:47 Fletching
18:49 Horse Collar
19:04 Stone Mining
19:41 Padded Archer Armor
20:38 Crossbowman
21:24 Thumb Ring
22:22 Bodkin Arrow
23:04 Scale Mail Armor
22:28 Pikeman
27:56 Wheelbarrow
29:55 Gold Shaft Mining
29:50 Forging
31:17 Iron Casting
31:45 Ballistics
Oberleutnant
10:10 Feudal Age
16:15 Castle Age
15:04 Horse Collar
15:51 Stone Mining
22:46 Pikeman
24:54 Wheelbarrow
26:07 Forging
26:41 Gold Mining
27:09 Husbandry
27:18 Scale Barding Armor
30:05 Iron Casting
KK
12:30 Feudal Age
11:57 Loom
15:49 Double-Bit Axe
16:15 Scale Barding Armor
16:21 Forging
25:02 Castle Age
25:24 Padded Archer Armor
25:14 Fletching
27:11 Bow Saw
27:08 Husbandry
28:21 Light Cavalry
杨宥杰
10:41 Feudal Age
11:14 Double-Bit Axe
22:09 Castle Age
23:06 Bow Saw
23:07 Stone Mining
23:13 Gold Mining
Connection lost

Rejoining the realm…

Still unreachable

The connection could not be restored.

Session expired

The server has moved on; the page needs a fresh start.